 Dungeon Crawl Stone Soup version 0.26-a0-487-gbff1e92059 (webtiles) character file.

Game seed: 4144171937615142182

8668 Lovable the Covert (level 11, -2/74 HPs)
             Began as an Octopode Brigand on Aug 2, 2020.
             Was a High Priest of Makhleb.
             Succumbed to a cane toad's poison
             ... on level 10 of the Dungeon.
             The game lasted 01:11:31 (12177 turns).

Lovable the Covert (Octopode Brigand)              Turns: 12177, Time: 01:11:32

Health: -2/74      AC:  7    Str: 13    XL:     11   Next: 34%
Magic:  11/11      EV: 20    Int: 14    God:    Makhleb [*****.]
Gold:   449        SH:  0    Dex: 16    Spells: 10/10 levels left

rFire    . . .     SeeInvis .   s - +1 rapier (drain)
rCold    + . .     Faith    +   (no shield)
rNeg     . . .     Spirit   .   p - +2 hat {MR+}
rPois    .         Reflect  .   k - amulet of faith
rElec    .         Harm     .   e - +4 ring of protection
rCorr    .                      i - ring of protection from cold
MR       ++...                  m - +4 ring of evasion
Stlth    ++++++....             (no ring)
HPRegen  0.22/turn              (no ring)
MPRegen  0.12/turn              (no ring)
                                (no ring)
                                (no ring)

@: lethally poisoned (-2 -> -17), lightly drained
A: almost no armour, stealthy swim, amphibious, 8 rings, constrict 8, camouflage
1, magic resistance 1, strong 1, gelatinous body 1
a: Minor Destruction, Lesser Servant of Makhleb, Major Destruction, Greater
Servant of Makhleb, Renounce Religion


You were on level 10 of the Dungeon.
You worshipped Makhleb.
Makhleb was extremely pleased with you.
You visited 2 branches of the dungeon, and saw 11 of its levels.

You collected 694 gold pieces.
You spent 245 gold pieces at shops.

Inventory:

Hand Weapons
 s - a +1 rapier of draining (weapon)
Missiles
 b - 32 poisoned darts (quivered)
 c - 9 curare-tipped darts
 h - 5 throwing nets
 t - 18 boomerangs
Armour
 p - a +2 hat of magic resistance (worn)
Jewellery
 e - a +4 ring of protection (left tentacle)
 i - a ring of protection from cold (right tentacle)
 k - an amulet of faith (around mantle)
 m - a +4 ring of evasion (on tentacle)
Wands
 n - a wand of acid (14)
 o - a wand of clouds (3)
 r - a wand of digging (3)
 w - a wand of flame (23)
 x - a wand of disintegration (8)
 y - a wand of polymorph (7)
 A - a wand of enslavement (17)
Scrolls
 a - a scroll of fog
 f - 6 scrolls of enchant armour
 g - 2 scrolls of fear
 j - 2 scrolls of identify
 l - a scroll of immolation
 q - 4 scrolls of teleportation
 u - 3 scrolls of remove curse
 B - 2 scrolls of amnesia
 C - a scroll of enchant weapon
Potions
 d - 4 potions of lignification
 v - a potion of might


   Skills:
 + Level 6.4(5.9) Fighting
 + Level 9.0(8.5) Short Blades
   Level 0.3(5.1) Long Blades
   Level 2.2(3.9) Polearms
   Level 5.8(5.6) Staves
 + Level 6.9(6.4) Throwing
 + Level 5.6(5.1) Dodging
 + Level 12.6(12.1) Stealth
 + Level 0.5(0.1) Evocations


You had 10 spell levels left.
You didn't know any spells.
Your spell library contained the following spells:

 Spells                   Type           Power        Failure   Level
 Beastly Appendage        Tmut           #.....       28%         1
 Wereblood                Tmut           #.......     41%         2
 Confusing Touch          Hex            #.......     65%         3
 Gell's Gravitas          Tloc           #.........   65%         3
 Spider Form              Tmut/Pois      #.........   65%         3
 Ice Form                 Ice/Tmut       #.......     96%         4
 Petrify                  Tmut/Erth      #.......     96%         4
 Blade Hands              Tmut           #.........   100%        5
 Metabolic Englaciation   Hex/Ice        #.........   100%        5
 Yara's Violent Unravell  Hex/Tmut       #.........   100%        5


Dungeon Overview and Level Annotations

Branches:
Dungeon (10/15)            Temple (0/1) D:7            Lair (1/6) D:10
    Orc: D:9-12

Altars:
Ashenzari
Cheibriados
Kikubaaqudgha
Makhleb
Okawaru
Sif Muna
Uskayaw
Vehumet
Wu Jian
Yredelemnul

Shops:
D:6 [


Innate Abilities, Weirdness & Mutations

You cannot wear most types of armour.
You are very stealthy in the water. (Stealth+)
You are amphibious.
You can wear up to eight rings at the same time.
You can use your tentacles to constrict eight enemies at once.
Your skin changes colour to match your surroundings (Stealth+).
Your rubbery body absorbs attacks. (AC +1, EV +1)
You are resistant to hostile enchantments. (MR+)
Your muscles are strong. (Str +2)


Message History

You squeeze the cane toad, but do no damage.
The cane toad is heavily wounded.
You constrict the cane toad.
The cane toad stings you but does no damage.
You hit the cane toad but do no damage.
The cane toad is heavily wounded.
You constrict the cane toad, but do no damage.
The cane toad stings you!
You are poisoned.
The cane toad poisons you!
You release your grip on the cane toad.
You feel sick. The cane toad stings you!
* * * LOW HITPOINT WARNING * * *
There is a staircase back to the Dungeon, spattered with blood here.
You feel sick. The cane toad stings you!
* * * LOW HITPOINT WARNING * * *
You are more poisoned.
The cane toad poisons you!
You climb upwards.
Welcome back to the Dungeon!
You die...

# #..)####.# ##.#...##....## #
#........# ####..######.##)#
###.#.########.P....#####.##.####
.........###..P.P..P...##.#......
###.####.##....P.......##.#...###
....# #..#...P...P....##.)....#
##### ##..P.....P.P.P..#.#...##
#.P.P.P####...P.))...##
#..P.)(#@[#P.P.P)###.#
##.PP..#F.#..PP..# #.#
#.PPP.##'#..PP.## #.#
#P.....[.P.P...# #.#
##....P......P## #.#
#...P.....P..# #.#
###########P..P.P....## ##.#
#.......# ###P.....#######..# ##
##.#####.# #.............#.###.


You could see a cane toad (drained).

Vanquished Creatures
  Harold (D:7)
  A komodo dragon (Lair:1)
  3 trolls
  2 yaks (D:10)
  Eustachio (D:5)
  2 water moccasins
  5 porcupines
  5 ice beasts
  3 orc warriors
  A sky beast (D:7)
  2 phantoms
  4 ogres
  A necrophage (D:5)
  4 centaurs
  4 big kobolds
  8 bullfrogs
  A wyvern zombie (D:10)
  A gnoll sergeant (D:8)
  5 scorpions
  4 killer bees (D:7)
  17 wights
  An electric eel (Lair:1)
  A crimson imp (D:2)
  4 howler monkeys
  2 bullfrog zombies
  2 quasits
  6 hounds
  4 centaur zombies
  A jelly (D:8)
  10 orc wizards
  A centaur skeleton (D:10)
  8 orc priests
  Crazy Yiuf (D:3)
  A bullfrog skeleton (D:9)
  Ijyb (D:5)
  An iguana (D:9)
  3 worker ants
  A killer bee zombie (D:8)
  A hound zombie (D:7)
  Robin (D:3)
  17 adders
  7 gnolls
  2 shadow imps
  5 white imps
  An ufetubus (D:10)
  3 worms
  2 dart slugs
  A leopard gecko (D:10)
  29 orcs
  6 giant cockroaches
  18 goblins
  9 hobgoblins
  12 jackals
  5 quokkas
  6 bats
  3 frilled lizards
  27 kobolds
  2 leopard gecko skeletons
  A quokka zombie (D:7)
  11 rats
292 creatures vanquished.

Vanquished Creatures (others)
  4 fungi (D:10)
4 creatures vanquished.

Grand Total: 296 creatures vanquished

Notes
Turn   | Place    | Note
-------+----------+-------------------------------------------
     0 | D:1      | Lovable the Octopode Brigand began the quest for the Orb.
     0 | D:1      | Reached XP level 1. HP: 14/14 MP: 1/1
   317 | D:1      | Reached XP level 2. HP: 19/19 MP: 2/2
   655 | D:2      | Reached skill level 6 in Stealth
   655 | D:2      | Reached XP level 3. HP: 22/24 MP: 3/3
   734 | D:2      | Noticed an ice beast
   968 | D:2      | Killed an ice beast
   968 | D:2      | Reached skill level 7 in Stealth
   968 | D:2      | Reached XP level 4. HP: 29/29 MP: 4/4
   968 | D:2      | Reached XP level 5. HP: 34/34 MP: 5/5
  1320 | D:2      | Gained mutation: Your muscles are strong. (Str +2) [potion
                  | of mutation]
  1320 | D:2      | Gained mutation: You are resistant to hostile enchantments.
                  | (MR+) [potion of mutation]
  1538 | D:2      | Reached skill level 8 in Stealth
  1588 | D:2      | Found a burning altar of Makhleb.
  1597 | D:2      | Reached XP level 6. HP: 36/41 MP: 6/6
  1778 | D:2      | Became a worshipper of Makhleb the Destroyer
  2114 | D:3      | Found a shattered altar of Ashenzari.
  2129 | D:3      | Noticed Robin
  2170 | D:3      | Reached * piety under Makhleb
  2180 | D:3      | Killed Robin
  2451 | D:3      | Found a shimmering blue altar of Sif Muna.
  2949 | D:3      | Found a runed translucent door.
  2959 | D:3      | Noticed Crazy Yiuf
  2972 | D:3      | Killed Crazy Yiuf
  2972 | D:3      | Reached skill level 1 in Polearms
  3166 | D:4      | Found a snail-covered altar of Cheibriados.
  3381 | D:4      | Reached XP level 7. HP: 45/45 MP: 7/7
  3841 | D:4      | Reached ** piety under Makhleb
  4117 | D:4      | Found an iron altar of Okawaru.
  4117 | D:4      | Found an ancient bone altar of Kikubaaqudgha.
  4238 | D:5      | Entered Level 5 of the Dungeon
  4290 | D:5      | Noticed Ijyb
  4305 | D:5      | Killed Ijyb
  4305 | D:5      | Reached skill level 1 in Staves
  4515 | D:5      | Reached skill level 9 in Stealth
  4617 | D:5      | Noticed Eustachio
  5121 | D:5      | Reached XP level 8. HP: 52/52 MP: 8/8
  5497 | D:5      | Killed Eustachio
  5628 | D:6      | Found Efonan's Antique Armour Emporium.
  5643 | D:6      | Bought a runed hat for 245 gold pieces
  6270 | D:6      | Reached skill level 5 in Staves
  6604 | D:6      | Reached XP level 9. HP: 55/58 MP: 9/9
  6741 | D:6      | Found a basalt altar of Yredelemnul.
  6741 | D:6      | Found a radiant altar of Vehumet.
  6847 | D:7      | Reached *** piety under Makhleb
  6945 | D:7      | Reached skill level 5 in Throwing
  7083 | D:7      | Found a staircase to the Ecumenical Temple.
  7090 | D:7      | Reached skill level 10 in Stealth
  7123 | D:7      | Noticed Harold
  7152 | D:7      | Killed Harold
  7152 | D:7      | Reached skill level 5 in Short Blades
  7270 | D:7      | Reached skill level 5 in Fighting
  7363 | D:7      | Reached skill level 11 in Stealth
  7363 | D:7      | Reached XP level 10. HP: 52/66 MP: 10/10
  7431 | D:7      | You fall into a shaft and drop 3 floors!
  7431 | D:10     | Entered Level 10 of the Dungeon
  7552 | D:7      | Reached **** piety under Makhleb
  8741 | D:8      | Got a fading long sword
  9194 | D:9      | Found an ornate altar of the Wu Jian Council.
  9402 | D:9      | Found a hide-covered altar of Uskayaw.
  9792 | D:10     | Reached ***** piety under Makhleb
  9849 | D:10     | Reached skill level 12 in Stealth
  9952 | D:10     | Found a staircase to the Lair.
 10110 | Lair:1   | Entered Level 1 of the Lair of Beasts
 10147 | D:10     | Reached skill level 5 in Dodging
 10564 | D:10     | Reached XP level 11. HP: 72/72 MP: 11/11
 11624 | D:10     | Identified a scroll of acquirement
 11625 | D:10     | Acquired a +1 hat of magic resistance
 12176 | Lair:1   | HP: 1/74 [cane toad (17)]
 12177 | D:10     | Succumbed to a cane toad's poison

Illustrated notes

Levels and vault maps discovered:
D:1:      erik_arrival_triangle_medium, layout_rooms
D:2:      layout_loops_ring, makhleb_grotto_becter
D:3:      layout_loops_cross, evilmike_ruin_ashenzari, lemuel_round_altar,
          uniq_robin, uniq_crazy_yiuf_cottage
D:4:      layout_basic, gammafunk_temple_overflow_elements,
          kennysheep_slug_shrine
D:5:      layout_loops_ring, uniq_eustachio, uniq_ijyb
D:6:      layout_basic, gammafunk_temple_overflow_wave, serial_shops,
          nicolae_shop_temple_entry_statues_fountains, minmay_misc_feat_pillars
D:7:      layout_loops_corners, minmay_temple_entry_mini_moons, uniq_harold
D:8:      layout_rooms
D:9:      layout_loops_ring, kennysheep_mini, lemuel_coloured_pillars_altar
D:10:     layout_loops_corners, grunt_lair_entry_orc_guard_hut, minivault_10
Lair:1:   layout_gridlike, grunt_megastairs_5, infiniplex_staircase_pool_2

Skill      XL: |  1  2  3  4  5  6  7  8  9 10 11 |
---------------+----------------------------------+-----
Stealth        | 6 7 8 9 11 12 | 12.6
Throwing       | 3 4 5 6 |  6.9
Short Blades   | 3 5 8 9 |  9.0
Polearms       | 2 |  2.2
Fighting       | 3 4 5 6 |  6.4
Staves         | 3 5 |  5.8
Dodging        | 2 3 4 5 |  5.6
Long Blades    | |  0.3
Evocations     | |  0.5

Action                   |  1- 3 |  4- 6 |  7- 9 | 10-12 || total
-------------------------+-------+-------+-------+-------++-------
Melee: Dagger            |    33 |    80 |       |       ||   113
       Tentacles         |     6 |    25 |    41 |   111 ||   183
       Constrict         |     6 |    35 |    36 |    56 ||   133
       Trident           |       |    54 |       |       ||    54
       Quarterstaff      |       |    17 |    66 |       ||    83
       Rapier            |       |       |   120 |   389 ||   509
       Long sword        |       |       |       |     2 ||     2
Throw: Dart              |    21 |    21 |    47 |    54 ||   143
Evoke: Wand              |       |       |     2 |       ||     2
  Use: Scroll            |     3 |     6 |     6 |     6 ||    21
       Potion            |     1 |     3 |    11 |     6 ||    21
 Stab: Sleeping          |     6 |    21 |    11 |    28 ||    66
       Distracted        |       |     1 |     2 |       ||     3
       Paralysed         |       |       |     2 |       ||     2
Armor: Skin              |     5 |    55 |    31 |    54 ||   145
Dodge: Dodged            |    21 |   105 |   100 |   310 ||   536

Table legend: (Time is in decaauts)
 A = Elapsed time spent in this place.
 B = Non-inter-level travel time spent in this place.
 C = Inter-level travel time spent in this place.
 D = Time resting spent in this place.
 E = Time spent auto-exploring this place.
 F = Levels seen in this place.
 G = Mean time per level.
                   A        B        C        D        E       F      G
               +--------+--------+--------+--------+--------+-----+--------+
         Total |  12090 |  11885 |    205 |   1812 |   5828 |  11 | 1099.1 |
       Dungeon |  11648 |  11443 |    205 |   1705 |   5749 |  10 | 1164.8 |
          Lair |    442 |    442 |      0 |    107 |     79 |   1 |  442.0 |
               +--------+--------+--------+--------+--------+-----+--------+

Top non-repeatable levels by time:
    D:10: 1959 daAuts
     D:5: 1587 daAuts
     D:3: 1339 daAuts
     D:7: 1207 daAuts
     D:2: 1163 daAuts
     D:4: 1107 daAuts
     D:9: 953 daAuts
     D:6: 944 daAuts
     D:8: 761 daAuts
     D:1: 624 daAuts
  Lair:1: 442 daAuts
